 Dungeon Crawl Stone Soup version 0.29.0-11-gd7f09526c8 (webtiles) character file.

Game seed: 620991165185253427

11 Armakuni the Sneak (level 2, 0/25 HPs)
             Began as a Demigod Delver on Sept 2, 2022.
             Constricted to death by a ball python (1 damage)
             ... on level 4 of the Dungeon.
             The game lasted 00:03:40 (728 turns).

Armakuni the Sneak (Demigod Delver)                  Turns: 728, Time: 00:03:40

Health: 0/25       AC:  3    Str: 11 (13) XL:     2   Next: 3%
Magic:  4/4        EV:  8    Int: 10 (12) God:
Gold:   9          SH:  0    Dex: 12 (15) Spells: 1/1 levels left

rFire   . . .      SeeInvis .   a - +0 flail
rCold   . . .      Faith    .   (no shield)
rNeg    . . .      Spirit   .   b - +0 leather armour
rPois   .          Reflect  .   (no helmet)
rElec   .          Harm     .   (no cloak)
rCorr   .          Rampage  .   (no gloves)
Will    .....                   (no boots)
Stlth   ++........              (no amulet)
HPRegen 0.08/turn               (no ring)
MPRegen 0.09/turn               (no ring)

@: constricted
A: high MP 1, forlorn, divine attributes
a: no special abilities


You were on level 4 of the Dungeon.
You visited 2 branches of the dungeon, and saw 4 of its levels.

You collected 9 gold pieces.

Inventory:

Hand Weapons
 a - a +0 flail (weapon)
Armour
 b - a +0 leather armour (worn)
Jewellery
 J - a ring of ice
Wands
 g - a wand of digging (2)
Scrolls
 c - a scroll of fog


   Skills:
 - Level 2.6 Fighting
 - Level 1.7(2.1) Maces & Flails
 + Level 1.6(2.1) Staves
 - Level 1.7 Dodging
 - Level 4.5 Stealth


You had one spell level left.
You didn't know any spells.
Your spell library was empty.

Dungeon Overview and Level Annotations

Branches:
Dungeon (6/15)             Temple (1/1) D:5


Innate Abilities, Weirdness & Mutations

You have an increased reservoir of magic. (+10% MP)
You shall have no god before yourself.
Your divine heritage dramatically boosts your attributes as you level up.


Message History

Okay, then.
The crimson imp blinks!
Aiming: Dig
Press: ? - help, Shift-Dir - straight line A rock wall.
Okay, then.
There is an open door here.
You close the door.
Aiming: Dig
Press: ? - help, Shift-Dir - straight line A rock wall.
The rock shatters into small pieces.
Something unseen breaks down the door.
A giant cockroach comes into view.
A ball python comes into view.
Found 7 stones.
The ball python hisses angrily.
The giant cockroach bites you but does no damage.
You completely miss the ball python. The giant cockroach barely misses you.
The ball python closely misses you. The ball python barely misses you.
The giant cockroach misses you. The ball python barely misses you.
The ball python closely misses you.
You closely miss the ball python. The giant cockroach misses you.
The ball python barely misses you. The ball python grabs you.
The ball python constricts you. The giant cockroach barely misses you.
You barely miss the ball python. The ball python closely misses you.
The ball python constricts you.
* * * LOW HITPOINT WARNING * * *
The giant cockroach bites you.
* * * LOW HITPOINT WARNING * * *
The ball python bites you.
* * * LOW HITPOINT WARNING * * *
The ball python constricts you.
* * * LOW HITPOINT WARNING * * *
You barely miss the ball python. The giant cockroach barely misses you.
The ball python barely misses you. The ball python constricts you.
The giant cockroach closely misses you.
You hit the ball python.
The ball python is severely wounded.
The ball python barely misses you. The ball python constricts you.
You die...

..######.._# ###
##.## #.## #..#
#..# #.## #.# #.#
#@# ## . #BS...# ..
##. ..###.# #. ...
#..# #. #.# ....
.##.## #.#....(
.#...#### #.##....
...#....###.##....#
##..>##.#....#


You could see a giant cockroach and a ball python.

Vanquished Creatures
  An adder (D:5)
  A quokka (D:5)
  A rat (D:5)
3 creatures vanquished.

Vanquished Creatures (others)
  3 fungi (D:4)
3 creatures vanquished.

Grand Total: 6 creatures vanquished

Notes
Turn   | Place    | Note
-------+----------+-------------------------------------------
     0 | D:5      | Armakuni the Demigod Delver began the quest for the Orb.
     0 | D:5      | Reached XP level 1. HP: 18/18 MP: 3/3
   158 | D:5      | Noticed a scorpion
   238 | D:5      | Noticed a scorpion
   263 | D:5      | Reached skill level 1 in Staves
   263 | D:5      | Reached XP level 2. HP: 20/25 MP: 4/4
   316 | D:5      | Found a staircase to the Ecumenical Temple.
   319 | D:5      | Noticed an ogre
   323 | Temple   | Entered the Ecumenical Temple
   726 | D:4      | HP: 1/25 [constriction (1)]
   728 | D:4      | Constricted to death by a ball python

Illustrated notes

Levels and vault maps discovered:
D:4:      layout_loops_ring, grunt_temple_overflow_lords_of_destruction,
          nicolae_wu_jian_immortal_techniques, minmay_misc_feat_x,
          kennysheep_flooded_box, dreamdust_mushroom_princess
D:5:      layout_loops_ring, mainiacjoe_overflow_chevrons,
          mainiacjoe_overflow_small_starburst, nzn_hepliaklqana_mist_gate,
          minmay_temple_entry_wispy, lightli_sewer_entry_pipes,
          minmay_liquid_box
D:6:      layout_layer_cave
Temple:   hellmonk_temple_beads

Skill      XL: |  1 |
---------------+----+-----
Staves         | 1 |  1.6
Fighting       | |  2.6
Maces & Flails | |  1.7
Dodging        | |  1.7
Stealth        | |  4.5

Action                   || total
-------------------------++-------
Melee: Mace              ||    17
       Flail             ||    35
       Punch             ||     1
Evoke: Wand              ||     1
  Use: Scroll            ||     3
       Potion            ||     3
 Stab: Sleeping          ||     2
Armor: Leather armour    ||    10
Dodge: Dodged            ||    45
